 Dungeon Sprint DCSS version 0.31-a0-365-gcf821cafb2 (webtiles) character file.

Game seed: 13452873076897820842

9 rocky1 the Ruffian (level 2, -2/21 HPs)
             Began as an Octopode Shapeshifter on July 28, 2023.
             Was an Initiate of Cheibriados.
             Slain by an ancient zyme (14 damage)
             ... in the Dungeon (Sprint V: "Ziggurat Sprint").
             The game lasted 00:01:16 (287 turns).

rocky1 the Ruffian (Octopode Shapeshifter)           Turns: 287, Time: 00:01:16

Health: -2/21      AC:  1    Str: 27    XL:     2   Next: 16%
Magic:  2/2        EV: 16    Int: 23    God:    Cheibriados [......]
Gold:   0          SH:  0    Dex: 25    Spells: 1/1 levels left

rFire   . .          .
                       - Unarmed
rCold   . . .        (no shield)
rNeg    . . .        (helmet currently unavailable)
rPois   .            (no amulet)
rElec   .            v - +6 ring of dexterity
rCorr   .            w - +6 ring of dexterity
SInv    .            x - +6 ring of intelligence
Will    .....        y - +6 ring of intelligence
Stlth   +++          z - +6 ring of strength
HPRegen 0.00/turn    A - +6 ring of strength
MPRegen 0.08/turn    u - ring of flight
                     (no ring)

%: no teleportation
@: beast-form, sick, flying, very slow
A: beast (slay +2), almost no armour, amphibious, 8 rings, camouflage 1,
gelatinous body 1, (nimble swimmer 1), tentacles
a: Begin Untransformation, Renounce Religion


You were in the Dungeon.
You worshipped Cheibriados.
Cheibriados was noncommittal.
You were a hulking beast.
You visited 1 branch

Inventory:

Jewellery
 u - a ring of flight (on tentacle)
 v - a +6 ring of dexterity (left tentacle)
 w - a +6 ring of dexterity (right tentacle)
 x - a +6 ring of intelligence (on tentacle)
 y - a +6 ring of intelligence (on tentacle)
 z - a +6 ring of strength (on tentacle)
 A - a +6 ring of strength (on tentacle)
Talismans
 b - a beast talisman
 r - a blade talisman
 s - a maw talisman
 t - a serpent talisman
Wands
 B - a wand of mindburst (7)
 C - a wand of acid (4)
Scrolls
 h - 4 scrolls of blinking
 n - 4 scrolls of amnesia
 o - 7 scrolls of fog
 p - 5 scrolls of identify
 q - 2 scrolls of fear
Potions
 a - a potion of lignification
 c - 10 potions of curing
 d - 10 potions of heal wounds
 e - 6 potions of haste
 f - 7 potions of magic
 g - 3 potions of berserk rage
 i - 2 potions of brilliance
 j - 2 potions of invisibility
 k - 4 potions of resistance
 m - 5 potions of might


   Skills:
 + Level 3.3 Fighting
 + Level 3.8 Dodging
 + Level 5.5 Unarmed Combat
 + Level 4.1 Shapeshifting


You had one spell level left.
You didn't know any spells.
Your spell library was empty.

Dungeon Overview and Level Annotations

Branches:
Dungeon (1/1)

Altars:
Ashenzari
Cheibriados
Dithmenos
Elyvilon
Fedhas
Gozag
Hepliaklqana
Kikubaaqudgha
Makhleb
Nemelex Xobeh
Okawaru
Qazlal
Ru
Sif Muna
Trog
Uskayaw
Vehumet
Wu Jian
Xom
Yredelemnul
Zin
The Shining One
Jiyva
Lugonu

Annotations:
D 1 transporter


Innate Abilities, Weirdness & Mutations

You are a hulking beast.
Your limbs bulge with bestial killing power. (Slay +2)
You cannot wear most types of armour.
You are amphibious.
You can wear up to eight rings at the same time.
Your skin changes colour to match your surroundings (Stealth+).
Your rubbery body absorbs attacks. (AC +1, EV +1)
((You are camouflaged when in or above water. (Stealth+)))
You have tentacles for arms and can constrict up to eight enemies at once.


Message History

Done waiting.
You see here a +0 buckler of positive energy.
You see here a +3 falchion of venom.
There is a transporter here.
Welcome to arena 2.
You enter the transporter and appear at another place.
An iron imp and 2 ancient zymes come into view.
The iron imp shouts!
You feel yourself growing ill in the presence of the ancient zyme.
Found three items.
Found a transporter.
Unknown command.
Aiming: Corrosive Bolt
Press: ? - help, Shift-Dir - straight line, f - ancient zyme
Aim: an ancient zyme (86% to hit)
The bolt of acid hits the ancient zyme!
The ancient zyme is moderately damaged.
You feel ill.
Unknown command.
Aiming: Corrosive Bolt
Press: ? - help, Shift-Dir - straight line, f - ancient zyme, p - ancient zyme
Aim: an ancient zyme (86% to hit)
The bolt of acid hits the ancient zyme!
The ancient zyme is heavily damaged.
The bolt of acid hits the ancient zyme.
The ancient zyme is lightly damaged.
The iron imp shouts, "Escape, thou unmuzzled beetle-headed swadder!"
Unknown command.
Aiming: Corrosive Bolt
Press: ? - help, Shift-Dir - straight line, f/p - ancient zyme
Aim: an ancient zyme (lightly damaged, 86% to hit)
The bolt of acid hits the ancient zyme!
The acid corrodes the ancient zyme!
The ancient zyme is severely damaged.
The bolt of acid hits the ancient zyme.
The acid corrodes the ancient zyme!
The ancient zyme is moderately damaged.
The iron imp grinds its teeth.
You bludgeon the ancient zyme! You grab the ancient zyme.
The ancient zyme is almost destroyed.
You constrict the ancient zyme. The ancient zyme hits you! x2
Ouch! That really hurt!
You die...

▓▓▓▓▓▓▓▓▓▓▓▓▓
▓.8©8.▓.8©8.▓
▓.))[.▓.....▓
▓.....▓.[.).▓
▓..x..▓.....▓
▓..5..▓.....▓
▓..x..▓..©..▓
▓..h..▓▓▓▓▓▓▓
▓▓▓▓▓▓▓


You could see 2 ancient zymes and an iron imp.

Vanquished Creatures
  2 endoplasms (D)
2 creatures vanquished.

Notes
Turn   | Place    | Note
-------+----------+-------------------------------------------
     0 | D        | rocky1 the Octopode Shapeshifter began the quest for the
                  | Orb.
     0 | D        | Reached XP level 1. HP: 13/13 MP: 1/1
     0 | D        | Found a shimmering blue altar of Sif Muna.
     0 | D        | Found a bloodstained altar of Trog.
     0 | D        | Found a sacrificial altar of Ru.
     0 | D        | Found a stormy altar of Qazlal.
     0 | D        | Found an iron altar of Okawaru.
     1 | D        | Found a sparkling altar of Nemelex Xobeh.
     1 | D        | Found a blossoming altar of Fedhas.
     1 | D        | Found the +6 Majin-Bo {spellvamp, MP+6 Int+6}
     1 | D        | Found the +27 heavy crossbow "Sniper" {heavy, Acc+∞ SInv}
     1 | D        | Found the +10 dark maul {heavy}
     1 | D        | Found the +15 Maxwell's patent armour {-Cast -Tele rElec
                  | Will+ rCorr}
     1 | D        | Found the +18 shield of the Gong {Loud rN+ Will+ rCorr
                  | EV-5}
     1 | D        | Found the +16 obsidian axe {drain, demonic, Mesm Drain Fly
                  | SInv}
     1 | D        | Found the +7 great mace "Firestarter" {flame, immolate,
                  | rFlCloud rF++}
     1 | D        | Found the +6 shillelagh "Devastator" {shatter}
     1 | D        | Found the +11 plutonium sword {Contam Stlth-}
     1 | D        | Found the +8 lance "Wyrmbane" {slay drac, rPois rF+ rC+
                  | AC+3}
     1 | D        | Found the +9 sword of Zonguldrok {reap}
     1 | D        | Found the +13 scythe of Curses {drain, curses, Drain}
     1 | D        | Found the +9 sword of Power {lifebolt}
     1 | D        | Found the +7 mace of Variability {chaos, chaos arc}
     1 | D        | Found the +11 Singing Sword {sonic wave}
     1 | D        | Found the +8 storm bow {elec, penet}
     3 | D        | Found a transporter.
     3 | D        | Found an ancient bone altar of Kikubaaqudgha.
     3 | D        | Found a viscous altar of Jiyva.
     3 | D        | Found a corrupted altar of Lugonu.
     3 | D        | Found a hazy altar of Hepliaklqana.
     3 | D        | Found a burning altar of Makhleb.
     3 | D        | Found an opulent altar of Gozag.
    40 | D        | Became a worshipper of Cheibriados the Contemplative
    58 | D        | Reached skill level 5 in Unarmed Combat
    58 | D        | Reached XP level 2. HP: 21/21 MP: 2/2
    64 | D        | Entered arena 2.
    64 | D        | Found a transporter.
   283 | D        | Entered arena 3.
   283 | D        | Found the sphere of Battle
   283 | D        | Noticed an ancient zyme
   283 | D        | Noticed an ancient zyme
   283 | D        | Found a transporter.
   287 | D        | Slain by an ancient zyme

Illustrated notes

Levels and vault maps discovered:
D:        sprint_v [room_start, room_1, room_2, room_3, room_4, room_5, room_6,
          room_7, room_8, room_9, room_10, room_11, room_12, room_13, room_14,
          room_15, room_16, room_17, room_18, room_19, room_20, room_21,
          room_22, room_23, room_24, room_25, room_26, room_27]

Skill      XL: |  1 |
---------------+----+-----
Fighting       | 3 |  3.3
Dodging        | 3 |  3.8
Unarmed Combat | 5 |  5.5
Shapeshifting  | 4 |  4.1

Action                     || total
---------------------------++-------
  Melee: Unarmed           ||     5
         Constrict         ||     1
  Evoke: Wand              ||     3
    Use: Potion            ||     1
   Stab: Sleeping          ||     1

Table legend: (Time is in decaauts)
 A = Elapsed time spent in this place.
 B = Non-inter-level travel time spent in this place.
 C = Inter-level travel time spent in this place.
 D = Time resting spent in this place.
 E = Time spent auto-exploring this place.
 F = Levels seen in this place.
 G = Mean time per level.
                   A        B        C        D        E       F      G
               +--------+--------+--------+--------+--------+-----+--------+
         Total |    292 |    292 |      0 |    205 |      0 |   1 |  292.0 |
       Dungeon |    292 |    292 |      0 |    205 |      0 |   1 |  292.0 |
               +--------+--------+--------+--------+--------+-----+--------+

Top non-repeatable levels by time:
       D: 292 daAuts
